 Dungeon Crawl Stone Soup version 0.29-a0-870-g2c972031a6 (webtiles) character file.

Game seed: 872447217542078397

368 Sabo the Chopper (level 6, -1/47 HPs)
             Began as a Demonspawn Gladiator on July 17, 2022.
             Was an Initiate of Qazlal.
             Slain by a gnoll
             ... wielding a +3 vorpal spear
              (3 damage)
             ... on level 4 of the Dungeon.
             The game lasted 00:25:38 (5651 turns).

Sabo the Chopper (Demonspawn Gladiator)             Turns: 5651, Time: 00:25:39

Health: -1/47      AC: 11    Str: 16    XL:     6   Next: 41%
Magic:  6/6        EV:  5    Int: 14    God:    Qazlal [......]
Gold:   260        SH:  7    Dex: 14    Spells: 5/5 levels left

rFire   . . .      SeeInvis .   a - +0 war axe
rCold   + . .      Faith    .   A - +0 kite shield
rNeg    . . .      Spirit   .   b - +0 chain mail
rPois   .          Reflect  .   c - +0 helmet
rElec   .          Harm     .   (no cloak)
rCorr   .          Rampage  .   (no gloves)
Will    .....                   i - +0 pair of boots
Stlth   ..........              j - amulet of the acrobat
HPRegen 0.15/turn               o - ring of protection from cold
MPRegen 0.10/turn               u - ring of flight

@: flying
A: powered by pain 1, big brain 2, weakness stinger 1
a: Renounce Religion


You were on level 4 of the Dungeon.
You worshipped Qazlal.
Qazlal was noncommittal.
You visited 1 branch of the dungeon, and saw 4 of its levels.

You collected 260 gold pieces.

Inventory:

Hand Weapons
 a - a +0 war axe (weapon)
 l - a +0 dagger of draining
 m - a +0 sling
 r - a +0 vorpal mace
 t - a +2 flail of protection
 x - a +0 hand axe of flaming
Missiles
 d - 3 throwing nets
 e - a javelin
 q - 4 boomerangs (quivered)
Armour
 b - a +0 chain mail (worn)
 c - a +0 helmet (worn)
 i - a +0 pair of boots (worn)
 A - a +0 kite shield (worn)
Jewellery
 j - an amulet of the acrobat (around neck)
 o - a ring of protection from cold (left hand)
 s - an amulet of faith
 u - a ring of flight (right hand)
Wands
 g - a wand of polymorph (12)
 B - a wand of charming (2)
Scrolls
 k - 2 scrolls of fear
 n - a scroll of magic mapping
 v - a scroll of blinking
 y - a scroll of identify
Potions
 f - 2 potions of curing
 h - a potion of brilliance
 p - a potion of lignification {unknown}
 w - a potion of mutation {unknown}
 z - 2 potions of ambrosia {unknown}


   Skills:
 + Level 3.2 Fighting
 + Level 4.7 Axes
 + Level 1.8 Throwing
 + Level 2.8 Armour
 + Level 3.3 Dodging
 + Level 1.1 Stealth


You had 5 spell levels left.
You didn't know any spells.
Your spell library contained the following spells:

 Spells                   Type           Power      Damage    Failure   Level
 Poisonous Vapours        Pois/Air       0%         N/A       100%        2
 Sublimation of Blood     Necr           0%         N/A       100%        2
 Wereblood                Tmut           0%         N/A       100%        2
 Eringya's Noxious Bog    Tmut/Pois      0%         N/A       100%        6
 Summon Hydra             Summ           0%         N/A       100%        7


Dungeon Overview and Level Annotations

Branches:
Dungeon (4/15)             Temple (0/1) D:4

Altars:
Okawaru
Qazlal
Uskayaw

Shops:
D:2 :

Annotations:
D:4 2 transporters, nxtlvl's ghost, weakling DEMo


Innate Abilities, Weirdness & Mutations

You sometimes gain a little power by taking damage.
You have an extremely huge brain. (Int +4)
You have a small tail.


Message History

You block the gnoll's attack.
A gnoll comes into view. It is wielding a +3 vorpal spear.
The gnoll closely misses you.
You slash the gnoll!
You kill the gnoll!
Qazlal accepts your kill. The gnoll completely misses you.
You hit the gnoll.
The gnoll is moderately wounded.
You block the gnoll's attack. The gnoll barely misses you.
You slash the gnoll!
You kill the gnoll!
Qazlal accepts your kill. The gnoll hits you but does no damage.
The gnoll hits you but does no damage.
Items here: )) ††.
You closely miss the gnoll.
The gnoll hits you with a +3 vorpal spear!
The gnoll hits you with a +3 vorpal spear.
You closely miss the gnoll. You block the gnoll's attack.
You closely miss the gnoll. You tail-slap the gnoll.
The gnoll is moderately wounded.
The gnoll hits you with a +3 vorpal spear.
A gnoll comes into view. It is wielding a +0 halberd.
You block the gnoll's attack.
You barely miss the gnoll.
The gnoll is lightly wounded.
The gnoll shouts!
The gnoll barely misses you.
You closely miss the gnoll.
The gnoll is lightly wounded.
The gnoll hits you with a +3 vorpal spear!
The gnoll hits you with a +3 vorpal spear.
The gnoll hits you from afar with a +0 halberd.
* * * LOW HITPOINT WARNING * * *
You closely miss the gnoll.
The gnoll is lightly wounded.
The gnoll hits you with a +3 vorpal spear!
* * * LOW HITPOINT WARNING * * *
You die...

..# ### ..# #.# .. #
.. #.# ... #!#######
#.# #>gg@...#
#.#..<.#####.#
##.####.# #.#
#######.......# #.#
........<##########.#
....................#
##.._..####.....P...#
...................##
####################


You could see 2 gnolls.

Vanquished Creatures
  A phantom (D:4)
  2 hounds (D:4)
  2 orc wizards (D:3)
  Robin (D:3)
  2 gnolls (D:4)
  2 adders
  2 worms
  3 dart slugs
  17 orcs
  10 ball pythons
  10 bats
  2 endoplasms (D:3)
  A giant cockroach (D:4)
  19 goblins
  11 hobgoblins
  5 jackals (D:2)
  4 kobolds
  4 quokkas
  2 frilled lizards
  6 rats
106 creatures vanquished.

Vanquished Creatures (others)
  4 plants (D:4)
4 creatures vanquished.

Grand Total: 110 creatures vanquished

Notes
Turn   | Place    | Note
-------+----------+-------------------------------------------
     0 | D:1      | Sabo the Demonspawn Gladiator began the quest for the Orb.
     0 | D:1      | Reached XP level 1. HP: 16/16 MP: 1/1
   774 | D:1      | Gained mutation: You sometimes gain a little power by
                  | taking damage. [demonic ancestry]
   774 | D:1      | Reached XP level 2. HP: 22/22 MP: 2/2
   920 | D:1      | Reached skill level 3 in Axes
  1331 | D:1      | Got Lyho's Compendium of Evolution and Ozone
  1510 | D:2      | Found Rireiteh's Vocational Training.
  1760 | D:2      | Reached XP level 3. HP: 27/27 MP: 3/3
  2411 | D:2      | Reached skill level 1 in Armour
  2771 | D:2      | Gained mutation: You have a small tail. [demonic ancestry]
  2771 | D:2      | Reached XP level 4. HP: 25/33 MP: 4/4
  3382 | D:3      | Found a hide-covered altar of Uskayaw.
  3554 | D:3      | Reached skill level 1 in Stealth
  3554 | D:3      | Gained mutation: You have an unusually large brain. (Int
                  | +2) [demonic ancestry]
  3554 | D:3      | Reached XP level 5. HP: 23/39 MP: 5/5
  3807 | D:3      | Reached skill level 4 in Axes
  4342 | D:3      | Noticed Robin
  4354 | D:3      | Killed Robin
  4884 | D:4      | Found a stormy altar of Qazlal.
  4909 | D:4      | Became a worshipper of Qazlal Stormbringer
  4919 | D:4      | Noticed a phantom
  4929 | D:4      | Killed a phantom
  5029 | D:4      | Gained mutation: You have an extremely huge brain. (Int +4)
                  | [demonic ancestry]
  5029 | D:4      | Reached XP level 6. HP: 43/47 MP: 6/6
  5195 | D:4      | Found a transporter.
  5207 | D:4      | Noticed an ancient zyme
  5208 | D:4      | Noticed nxtlvl's ghost (weakling DEMo)
  5221 | D:4      | Found a transporter.
  5287 | D:4      | Noticed a small abomination
  5403 | D:4      | Found a staircase to the Ecumenical Temple.
  5511 | D:4      | Found an iron altar of Okawaru.
  5651 | D:4      | HP: 2/47 [gnoll/+3 vorpal spear (9)]
  5651 | D:4      | Slain by a gnoll

Illustrated notes

Levels and vault maps discovered:
D:1:      dpeg_arrival_simpleton_b, layout_basic
D:2:      cheibrodos_greedy_goblins, layout_basic, nicolae_shop_vocational
D:3:      layout_basic, mainiacjoe_overflow_alcove_4, minmay_distorted,
          uniq_robin
D:4:      layout_basic, nicolae_qazlal_scattered_showers,
          mainiacjoe_overflow_boulevard, temple_fountains,
          gammafunk_ghost_abyssal_escape

Skill      XL: |  1  2  3  4  5 |
---------------+----------------+-----
Axes           | 3 4 |  4.7
Dodging        | 3 |  3.3
Armour         | 1 2 |  2.8
Stealth        | 1 |  1.1
Fighting       | 3 |  3.2
Throwing       | |  1.8

Action                   |  1- 3 |  4- 6 || total
-------------------------+-------+-------++-------
Melee: War axe           |   128 |   131 ||   259
       Tailslap          |       |    13 ||    13
  Use: Scroll            |     4 |     3 ||     7
 Stab: Distracted        |     1 |       ||     1
       Sleeping          |       |     1 ||     1
Armor: Leather armour    |    48 |     1 ||    49
       Chain mail        |       |    90 ||    90
Dodge: Dodged            |   110 |   100 ||   210
Block: Kite shield       |       |    13 ||    13

Table legend: (Time is in decaauts)
 A = Elapsed time spent in this place.
 B = Non-inter-level travel time spent in this place.
 C = Inter-level travel time spent in this place.
 D = Time resting spent in this place.
 E = Time spent auto-exploring this place.
 F = Levels seen in this place.
 G = Mean time per level.
                   A        B        C        D        E       F      G
               +--------+--------+--------+--------+--------+-----+--------+
         Total |   5735 |   5735 |      0 |   1605 |      0 |   4 | 1433.8 |
       Dungeon |   5735 |   5735 |      0 |   1605 |      0 |   4 | 1433.8 |
               +--------+--------+--------+--------+--------+-----+--------+

Top non-repeatable levels by time:
     D:2: 1802 daAuts
     D:1: 1525 daAuts
     D:3: 1518 daAuts
     D:4: 890 daAuts
